details: 'faast newbie'

« prev index next »

General information

Mini Map

Players

team 1
Random» Orcnvseib (teal | 25 APM | 1120 actions | 44:11)
Hero icon 6 Blademaster
Ability icon 3 Wind Walk
Ability icon 2 Critical Strike
Ability icon 1 Bladestorm
Hero icon 5 Shadow Hunter
Ability icon 3 Healing Wave
Ability icon 2 Hex

» actions
Assign group hotkey71
Basic commands3
Build / train44
Enter build submenu14
Enter hero's abilities submenu13
Give item / drop item3
Right click607
Select / deselect161
Select group hotkey142
Use ability62
1120 total
» units
Peon9
Grunt5
Wind Rider6
20 total
» upgrades
Ranged Weapons2
Armor1
3 total
» buildings
Altar of Storms1
Orc Burrow6
Voodoo Lounge1
Barracks1
Stronghold1
War Mill1
Beastiary2
Fortress1
14 total
» build order
00:11 Altar of Storms
00:15 Orc Burrow
00:23 Voodoo Lounge
01:54 Barracks
02:01 Orc Burrow
03:29 Stronghold
04:26 Orc Burrow
04:50 War Mill
07:03 Beastiary
07:04 Beastiary
09:09 Orc Burrow
11:23 Orc Burrow
14:09 Fortress
14:13 Orc Burrow
» items
Healing Salve1
Lesser Clarity Potion1
Scroll of Town Portal1
Potion of Healing2
Scroll of Regeneration1
6 total
HumanTomJones (green | 41 APM | 1820 actions | 44:11)
Hero icon 9 Archmage
Ability icon 3 Summon Water Elemental
Ability icon 3 Brilliance Aura
Ability icon 1 Mass Teleport
Ability icon 2 Blizzard

» actions
Assign group hotkey32
Basic commands89
Build / train84
Enter build submenu46
Enter hero's abilities submenu10
Give item / drop item13
Right click799
Select / deselect398
Select group hotkey146
Use ability202
1820 total
» units
Peasant12
Footman6
Goblin Shredder1
Gryphon Rider4
Siege Engine5
28 total
» upgrades
Masonry3
Storm Hammers1
Swords3
Armor3
Animal War Training1
Cloud1
Gunpowder3
Plating3
Barrage1
19 total
» buildings
Altar of Kings1
Barracks1
Farm14
Arcane Vault1
Keep1
Town Hall1
Lumber Mill1
Castle1
Scout Tower26
Guard Tower6
Gryphon Aviary4
Blacksmith2
Workshop6
65 total
» build order
00:37 Altar of Kings
00:39 Barracks
00:49 Farm
00:51 Farm
01:04 Farm
01:13 Farm
01:48 Farm
03:00 Arcane Vault
03:59 Keep
04:05 Town Hall
05:30 Lumber Mill
07:05 Castle
07:11 Scout Tower
07:12 Scout Tower
07:13 Scout Tower
07:14 Scout Tower
07:14 Scout Tower
07:15 Scout Tower
07:16 Scout Tower
07:18 Scout Tower
07:18 Scout Tower
07:23 Scout Tower
07:24 Scout Tower
07:25 Scout Tower
07:25 Scout Tower
07:26 Scout Tower
07:26 Scout Tower
07:28 Scout Tower
07:30 Scout Tower
07:31 Scout Tower
07:33 Scout Tower
07:33 Scout Tower
07:35 Scout Tower
07:37 Scout Tower
07:39 Scout Tower
07:41 Scout Tower
07:42 Scout Tower
07:43 Scout Tower
08:46 Guard Tower
09:25 Guard Tower
09:27 Guard Tower
09:32 Guard Tower
09:32 Guard Tower
09:32 Guard Tower
12:02 Gryphon Aviary
12:02 Gryphon Aviary
12:04 Gryphon Aviary
12:04 Gryphon Aviary
12:05 Blacksmith
12:07 Blacksmith
12:10 Farm
12:12 Farm
22:23 Workshop
22:23 Workshop
22:24 Workshop
22:24 Workshop
22:25 Workshop
22:27 Workshop
22:30 Farm
22:31 Farm
22:32 Farm
22:35 Farm
22:40 Farm
22:40 Farm
22:41 Farm
» items
Mechanical Critter7
Scroll of Regeneration7
Potion of Healing1
Scroll of Town Portal2
Staff of Teleportation1
Potion of Lesser Invulnerability1
19 total
HumanhitIerovins.kik (purple | 35 APM | 1559 actions | 44:11)
Hero icon 4 Blood Mage
Ability icon 2 Flame Strike
Ability icon 2 Banish

» actions
Assign group hotkey111
Basic commands42
Build / train135
ESC pressed6
Enter build submenu42
Enter hero's abilities submenu4
Give item / drop item8
Remove unit from queue1
Right click457
Select / deselect251
Select group hotkey395
Use ability107
1559 total
» units
Peasant22
Footman7
Goblin Shredder2
Goblin Zeppelin4
Gryphon Rider4
Sorceress1
40 total
» upgrades
Swords3
Masonry3
Armor3
Sorceress Training1
Lumber Harvesting1
Animal War Training1
12 total
» buildings
Altar of Kings1
Barracks1
Farm8
Arcane Vault1
Keep3
Blacksmith2
Scout Tower14
Town Hall2
Lumber Mill1
Arcane Tower4
Castle4
Guard Tower26
Gryphon Aviary3
Arcane Sanctum1
71 total
» build order
01:11 Altar of Kings
01:15 Barracks
01:22 Farm
01:23 Farm
01:33 Farm
02:06 Arcane Vault
02:12 Farm
02:51 Farm
03:12 Keep
03:12 Keep
03:27 Blacksmith
03:34 Farm
03:48 Farm
05:58 Blacksmith
06:05 Scout Tower
06:07 Scout Tower
06:07 Scout Tower
06:18 Farm
07:31 Town Hall
07:59 Scout Tower
08:01 Scout Tower
08:04 Scout Tower
08:10 Scout Tower
10:19 Lumber Mill
10:59 Arcane Tower
10:59 Arcane Tower
10:59 Arcane Tower
11:11 Scout Tower
11:13 Scout Tower
11:16 Scout Tower
11:21 Castle
11:21 Castle
11:21 Castle
11:23 Guard Tower
11:24 Guard Tower
11:24 Guard Tower
11:24 Guard Tower
11:25 Guard Tower
11:25 Guard Tower
11:26 Guard Tower
12:12 Guard Tower
12:12 Guard Tower
12:13 Guard Tower
14:17 Gryphon Aviary
14:19 Gryphon Aviary
15:11 Arcane Sanctum
16:21 Gryphon Aviary
16:36 Guard Tower
16:36 Guard Tower
19:04 Town Hall
19:48 Scout Tower
19:49 Scout Tower
19:50 Scout Tower
19:55 Guard Tower
19:55 Guard Tower
20:01 Scout Tower
21:14 Guard Tower
21:15 Guard Tower
22:52 Guard Tower
22:52 Guard Tower
24:22 Guard Tower
» items
Scroll of Regeneration2
Mechanical Critter4
Potion of Invisibility4
Staff of Teleportation1
Periapt of Vitality1
Boots of Speed1
Circlet of Nobility1
Lesser Clarity Potion2
Potion of Healing1
Potion of Mana2
19 total
Undeaddeadlyblade84 (blue | 11 APM | 485 actions | 44:11)
Hero icon 7 Death Knight
Ability icon 3 Death Coil
Ability icon 3 Unholy Aura
Ability icon 1 Animate Dead

» actions
Build / train69
Enter build submenu19
Enter hero's abilities submenu7
Remove unit from queue2
Right click211
Select / deselect135
Use ability41
485 total
» units
Acolyte17
Ghoul8
Crypt Fiend12
Frost Wyrm7
44 total
» upgrades
Creature Attack3
Creature Carapace3
Web1
Burrow1
Freezing Breath1
9 total
» buildings
Ziggurat10
Altar of Darkness1
Crypt2
Graveyard1
Tomb of Relics1
Halls of the Dead1
Black Citadel1
Sacrificial Pit1
Boneyard2
20 total
» build order
00:12 Ziggurat
00:20 Altar of Darkness
00:44 Crypt
01:04 Graveyard
01:18 Tomb of Relics
01:38 Ziggurat
02:26 Ziggurat
05:46 Ziggurat
07:07 Halls of the Dead
07:15 Ziggurat
08:47 Crypt
08:52 Ziggurat
09:05 Ziggurat
09:49 Black Citadel
12:11 Sacrificial Pit
12:28 Ziggurat
12:36 Ziggurat
12:43 Ziggurat
14:14 Boneyard
26:40 Boneyard
» items
Dust of Appearance2
Rod of Necromancy1
Scroll of Town Portal1
Potion of Lesser Invulnerability1
5 total
team 2
Random» Orcseph (yellow | 75 APM | 2301 actions | 30:48)
Hero icon 7 Blademaster
Ability icon 3 Wind Walk
Ability icon 2 Critical Strike
Ability icon 1 Mirror Image
Ability icon 1 Bladestorm

» actions
Assign group hotkey23
Basic commands4
Build / train43
Enter build submenu19
Enter hero's abilities submenu7
Give item / drop item2
Right click1710
Select / deselect392
Select group hotkey39
Use ability62
2301 total
» units
Peon8
Grunt9
Raider7
Demolisher1
25 total
» upgrades
Melee Weapons2
Ensnare1
Armor1
4 total
» buildings
Orc Burrow7
Altar of Storms1
Barracks2
Voodoo Lounge1
Stronghold1
War Mill1
Beastiary2
Fortress1
16 total
» build order
00:05 Orc Burrow
00:07 Altar of Storms
00:49 Barracks
01:34 Orc Burrow
01:50 Voodoo Lounge
03:33 Barracks
04:03 Orc Burrow
04:03 Stronghold
05:02 War Mill
06:25 Orc Burrow
07:05 Beastiary
07:14 Beastiary
08:59 Orc Burrow
09:28 Fortress
11:05 Orc Burrow
12:23 Orc Burrow
» items
Boots of Speed1
Healing Salve1
Scroll of Regeneration1
3 total
OrcPULLMYFINGER (orange | 8 APM | 29 actions | 03:35)

» actions
Build / train5
Enter build submenu2
Right click11
Select / deselect9
Use ability2
29 total
» units
Peon5
5 total
» buildings
Orc Burrow1
Altar of Storms1
2 total
» build order
02:58 Orc Burrow
03:05 Altar of Storms
OrcTASTEMYEARD (pink | 48 APM | 2105 actions | 44:11)
Hero icon 9 Far Seer
Ability icon 3 Feral Spirit
Ability icon 3 Chain Lighting
Ability icon 1 Earth Quake
Ability icon 2 Far Sight

» actions
Assign group hotkey48
Basic commands63
Build / train58
Enter build submenu20
Enter hero's abilities submenu10
Give item / drop item1
Right click859
Select / deselect314
Select group hotkey583
Use ability149
2105 total
» units
Peon9
Goblin Shredder2
Wind Rider11
Troll Batrider3
25 total
» upgrades
Reinforced Defenses1
Envenomed Spears1
Ranged Weapons3
Armor3
8 total
» buildings
Altar of Storms1
Orc Burrow5
Voodoo Lounge1
Stronghold1
War Mill1
Beastiary5
Fortress2
Watch Tower27
43 total
» build order
00:13 Altar of Storms
00:23 Orc Burrow
01:23 Voodoo Lounge
02:40 Stronghold
03:03 Orc Burrow
03:08 Orc Burrow
03:12 War Mill
04:07 Orc Burrow
05:02 Beastiary
05:03 Beastiary
05:39 Beastiary
06:11 Fortress
06:11 Fortress
06:45 Watch Tower
06:46 Watch Tower
06:46 Watch Tower
06:47 Watch Tower
06:55 Watch Tower
07:27 Watch Tower
07:27 Watch Tower
07:29 Watch Tower
07:29 Watch Tower
08:47 Watch Tower
08:47 Watch Tower
08:47 Watch Tower
08:48 Watch Tower
08:49 Watch Tower
09:47 Beastiary
09:50 Beastiary
11:42 Watch Tower
11:42 Watch Tower
11:43 Watch Tower
11:43 Watch Tower
11:48 Watch Tower
15:10 Watch Tower
15:10 Watch Tower
15:10 Watch Tower
15:11 Watch Tower
15:54 Watch Tower
15:55 Watch Tower
16:24 Watch Tower
16:24 Watch Tower
17:12 Orc Burrow
» items
Healing Salve3
Staff of Teleportation1
Boots of Speed1
Tiny Great Hall1
Scroll of Town Portal3
Potion of Healing2
Potion of Mana1
12 total
Humanfaast (red | 28 APM | 1235 actions | 44:11)
Hero icon 4 Mountain King
Ability icon 2 Storm Bolt
Ability icon 2 Bash
Hero icon 2 Far Seer
Ability icon 1 Feral Spirit
Ability icon 1 Chain Lighting
Hero icon 3 Blood Mage
Ability icon 1 Siphon Mana
Ability icon 1 Flame Strike
Ability icon 1 Banish

» actions
Basic commands17
Build / train101
Enter build submenu41
Enter hero's abilities submenu9
Remove unit from queue3
Right click402
Select / deselect560
Use ability102
1235 total
» units
Peasant8
Footman6
Peon4
Grunt5
Rifleman1
Knight9
Troll Headhunter/Berserker7
Goblin Shredder2
Mortar Team1
Flying Machine7
50 total
» upgrades
Defend1
Swords3
Masonry3
Plating2
Melee Weapons1
Animal War Training1
Armor1
Ranged Weapons1
Flare1
Fragmentation Shards1
Flying Machine Bombs1
Flak Cannons1
Gunpowder1
Barrage1
19 total
» buildings
Altar of Kings2
Barracks2
Farm10
Scout Tower16
Arcane Tower5
Keep1
Lumber Mill2
Blacksmith1
War Mill1
Orc Burrow2
Castle1
Watch Tower4
Guard Tower8
Arcane Vault1
Stronghold1
Workshop2
Town Hall3
62 total
» build order
00:12 Altar of Kings
00:15 Barracks
00:28 Farm
00:43 Farm
01:50 Farm
02:41 Scout Tower
03:09 Farm
03:11 Arcane Tower
03:35 Scout Tower
04:29 Keep
04:35 Lumber Mill
04:54 Barracks
05:03 Arcane Tower
05:08 Blacksmith
05:40 War Mill
06:17 Orc Burrow
06:53 Castle
06:57 Scout Tower
07:13 Watch Tower
07:52 Watch Tower
08:15 Watch Tower
08:53 Watch Tower
09:22 Guard Tower
10:12 Orc Burrow
10:25 Farm
10:59 Arcane Vault
11:35 Stronghold
12:10 Farm
13:11 Farm
16:10 Workshop
16:14 Workshop
17:13 Town Hall
18:52 Scout Tower
18:53 Scout Tower
18:53 Scout Tower
18:56 Scout Tower
18:56 Scout Tower
18:56 Scout Tower
19:08 Scout Tower
19:22 Arcane Tower
19:50 Scout Tower
19:58 Arcane Tower
20:05 Guard Tower
20:07 Guard Tower
20:23 Arcane Tower
20:25 Guard Tower
20:50 Scout Tower
20:54 Guard Tower
21:20 Farm
22:02 Guard Tower
22:31 Scout Tower
22:31 Scout Tower
22:38 Scout Tower
22:39 Scout Tower
23:15 Guard Tower
24:01 Guard Tower
24:39 Lumber Mill
26:13 Town Hall
26:47 Altar of Kings
27:10 Farm
27:10 Farm
28:43 Town Hall
» items
Scroll of Town Portal2
Orb of Fire1
3 total

Chat log

(00:08 / All) nvseib: oj afk again?

(02:06 / All) TomJones: orange you a fartknocker?
(02:33 / All) nvseib: peon fight
(02:43 / All) nvseib: no one jump in
(02:44 / All) TASTEMYEARD: winner gets expo
(02:49 / All) nvseib: k
(03:18 / All) nvseib: i win

(04:27 / Allies) nvseib: lets go
(04:45 / Allies) nvseib: im rushing alone i guess
(05:37 / Allies) nvseib: force tp then back to oj

(07:50 / All) TASTEMYEARD: relax teal jeez. its a 4v2

(08:55 / All) TASTEMYEARD: teal ur a cunt for taking this seriously
(09:04 / All) nvseib: well i have 2 afkers so smd
(09:13 / All) TASTEMYEARD: no u dont
(09:27 / All) nvseib: purp green aint doing shitt their ccing when u have a leaver
(09:32 / All) nvseib: kind of useless
(09:33 / All) TASTEMYEARD: that isnt beign afk
(09:37 / All) TASTEMYEARD: dont lie
(09:39 / All) nvseib: might as well
(10:03 / All) nvseib: purp doesnt even use his expo
(10:13 / All) nvseib: 6 idle peasants
(10:24 / All) TASTEMYEARD: dude relax u guys are gonna win, quit trying so hard
(10:25 / All) nvseib: he still isnt moving them
(10:28 / All) nvseib: lets see
(10:31 / All) nvseib: k he moved them now
(10:32 / All) TASTEMYEARD: this game is freaking over
(10:33 / All) hitIerovins.kik: thanks
(10:36 / All) hitIerovins.kik: forgot about them
(10:41 / All) hitIerovins.kik: I appreicate the reminder yellow
(10:42 / All) TASTEMYEARD: cc teal, creep
(10:47 / All) TASTEMYEARD: quit trying to end this so quick
(10:48 / All) hitIerovins.kik: I appreciate the pros like you to remind you
(10:49 / All) nvseib: he thinks im yellow
(10:53 / All) hitIerovins.kik: you are truly a great wc3 [layer
(11:38 / All) nvseib: k i will cc and give u time to build

(13:09 / All) TomJones: red mh I think lalw
(13:57 / All) TASTEMYEARD: doesnt look like ur chilling teal
(14:03 / All) nvseib: yellow atkked us?
(14:21 / All) TomJones: wtf teal
(14:41 / All) nvseib: ?
(14:48 / Allies) TomJones: leaving me to rot
(14:56 / Allies) nvseib: soo?
(15:06 / Allies) nvseib: u cc instead of rrush
(15:19 / Allies) TomJones: fuckin nubs man
(15:33 / Allies) nvseib: ur bad
(15:34 / All) hitIerovins.kik: my team is talking to me no idea what they are saying lol
(15:39 / Allies) TomJones: lol
(15:54 / Allies) nvseib: u dont cc and expo when their 1 down
(15:58 / Allies) TomJones: lol
(16:06 / All) hitIerovins.kik: ;lol
(16:07 / Allies) nvseib: common sense bra
(16:08 / Allies) TomJones: you run from fucking ground and a few raidres with mass wyvs
(16:15 / Allies) nvseib: u cc when 1 down
(16:17 / Allies) nvseib: derp
(16:28 / All) hitIerovins.kik: ;pp
(16:29 / All) hitIerovins.kik: lol
(16:32 / All) hitIerovins.kik: my yeam is pissed
(16:41 / All) TASTEMYEARD: teal is pissing me off trying so hard
(16:42 / Allies) nvseib: 6.7k
(16:42 / All) TASTEMYEARD: asshole
(16:50 / All) nvseib: its 1v3
(16:53 / All) nvseib: i got 0 team
(16:58 / All) TomJones: LKOL
(17:03 / All) nvseib: grteen 7k gold
(17:05 / All) TASTEMYEARD: u did not 1v3 us
(17:13 / All) nvseib: 2v3 then
(17:21 / All) hitIerovins.kik: RED TK
(17:24 / All) hitIerovins.kik: nvm
(17:27 / All) hitIerovins.kik: red attacks me'

(19:29 / All) nvseib: rofl
(19:35 / All) hitIerovins.kik: ,kkl'[}
(19:36 / All) TASTEMYEARD: teal u are so annoying. let us have a chance
(19:36 / All) hitIerovins.kik: lol
(19:37 / Allies) hitIerovins.kik: riof,/'
(19:38 / All) TomJones: time you slept with the fishes, pussy
(19:39 / All) hitIerovins.kik: lmaio
(19:41 / All) nvseib: green tk dw
(19:47 / All) TASTEMYEARD: be quiet man
(19:55 / All) TASTEMYEARD: u were losing to us all game
(20:13 / Allies) TomJones: you can run
(20:18 / Allies) TomJones: but yo ucan't hide, from the long arm of the law!
(20:27 / Allies) TomJones: tp his ass
(20:49 / Allies) hitIerovins.kik: wow turncoat is on my team didn't even notice
(21:18 / All) nvseib: OH B OY
(21:23 / Allies) TomJones: you can leave now
(21:25 / All) nvseib: w.e i can afk and get the win
(21:28 / Allies) nvseib: nah i want win
(21:31 / Allies) nvseib: win for me bbitch lol
(21:38 / Allies) nvseib: do all the work while i afk
(21:39 / Allies) nvseib: lmao
(21:40 / All) TomJones: ITS NOT UNUSUAL TO BE MAD WITH ANYONE
(21:45 / Allies) nvseib: whose the real winner
(21:54 / All) TomJones: ITS NOT UNUSUAL TO BE SAD WITH ANYONE

(22:59 / All) TomJones: get to steppin

(24:09 / All) TomJones: raped red
(24:11 / All) TomJones: LOL
(24:21 / All) TomJones: mhing tank bitch
(24:27 / All) hitIerovins.kik: frucking raped

(26:04 / All) TomJones: lol
(26:42 / All) TASTEMYEARD: im sorry red did u say something
(26:46 / All) TASTEMYEARD: u only ignored me when i wanted to hit blue
(27:10 / All) TomJones: red is a newbie
(27:12 / All) TomJones: DIE NEWBIE
(27:29 / All) TomJones: THE WAGES OF NEWBIEDOM IS DEATH
(27:50 / All) TASTEMYEARD: i dont like ur tone red
(27:53 / All) TASTEMYEARD: shape up or ill shape u
(28:53 / All) TomJones: no shreddar for j00
(28:58 / All) faast: lol
(29:10 / All) TASTEMYEARD: i aint no faggot red
(29:14 / All) TASTEMYEARD: u did this to urself
(29:16 / All) TASTEMYEARD: by ignoring me
(29:34 / All) TASTEMYEARD: y red
(29:36 / All) TASTEMYEARD: lol
(29:41 / All) TASTEMYEARD: red is stelling me to suck a cock
(29:48 / All) faast: he is a faggot
(29:48 / All) TASTEMYEARD: red next time
(29:51 / All) TASTEMYEARD: when i a ping a player
(29:52 / All) TomJones: you have a big mouth on you, boy
(29:57 / All) TASTEMYEARD: u hit with me
(30:03 / All) hitIerovins.kik: UFUCK
(30:12 / All) TASTEMYEARD: lawl
(30:18 / All) TASTEMYEARD: red is such a whiny brat
(30:23 / All) faast: you suck like a faggot
(30:28 / Allies) deadlyblade84: you should get hawks with cloud for pinks towers
(30:32 / All) TASTEMYEARD: whatever you say, i am no faggot
(30:38 / All) hitIerovins.kik: upu fyvkinbh loemd
(30:42 / All) hitIerovins.kik: you fucking clowns
(30:43 / All) TASTEMYEARD: u ignore me when i ping? I let u die
(30:43 / All) TomJones: good advice blue
(30:50 / All) hitIerovins.kik: a;ll sucj m y dick
(31:03 / All) hitIerovins.kik: exept my prearramgted etea
(31:12 / All) TASTEMYEARD: am i faggot yes or no guys
(31:14 / All) TASTEMYEARD: red says yes
(31:26 / All) TomJones: No, you like bulma hentai
(31:32 / All) TomJones: that makes you 2D straight
(31:41 / All) faast: wait till you see his base to answer
(31:42 / All) TomJones: you have a waifu and it's female
(31:53 / All) TASTEMYEARD: nothing wrong with my base red
(31:55 / All) TomJones: looks marvelous
(31:58 / All) TASTEMYEARD: its straight, unlike u
(32:07 / All) TomJones: nicely outlaid to ward off barbarians
(32:15 / All) TomJones: yep
(32:16 / All) TASTEMYEARD: thx tomjones
(32:17 / All) faast: what do they say about guys who do nothing but tower
(32:23 / All) TASTEMYEARD: red truly is ignorant
(32:28 / All) faast: straight noob
(32:28 / All) TomJones: barbarians would elect to pass on such a heavily fortified target
(32:30 / All) TASTEMYEARD: towerers got skill
(32:44 / All) TASTEMYEARD: red no matter, I have a base , u do not
(32:48 / All) TASTEMYEARD: i win and u lose

(35:59 / All) hitIerovins.kik: nsvk
(36:00 / All) hitIerovins.kik: bacj
(36:11 / All) TASTEMYEARD: ill wach replay to confirm teal and red never went afk
(36:24 / All) TomJones: teal didn't
(36:41 / All) TASTEMYEARD: something good came out of this game- red and teal
(36:51 / All) TASTEMYEARD: im positive red is in our archives
(36:52 / All) TomJones: red is a newbie
(36:59 / All) hitIerovins.kik: \
(37:02 / All) TomJones: he's played a lot but has the brain of a newbie
(37:04 / All) TomJones: perma newbie
(37:47 / Allies) TomJones: send your peons off to slaughter
(37:52 / All) TomJones: MY LITTLE LAMB
(38:16 / All) TASTEMYEARD: a lion never concernshimself with a lamb
(39:02 / All) TASTEMYEARD: standoff?
(39:04 / All) TomJones: Aye
(39:19 / All) TASTEMYEARD: teal y u quiet

(42:40 / All) TomJones: stand off complete this side
(43:40 / All) TASTEMYEARD: good luck teal and red. ill whisper u tomorrow if game is still on lol
(43:48 / All) TomJones: good luck gents
(43:59 / All) TomJones: may he who haveth the strongest connection winneth the game